 Dungeon Crawl Stone Soup version 0.31-a0-1163-gcee99d1eea (webtiles) character file.

Game seed: 8557016605690001127

4265 James the Grappler (level 10, -4/97 (111) HPs)
             Began as an Octopode Shapeshifter on Dec 9, 2023.
             Was an Initiate of Gozag.
             Slain by Jeremiah
             ... wielding a +4 trident of draining
              (8 damage)
             ... on level 8 of the Dungeon.
             The game lasted 00:21:56 (7682 turns).

James the Grappler (Octopode Shapeshifter)          Turns: 7682, Time: 00:21:56

HP:   -4/97 (111)   AC:  1    Str: 17    XL:     10   Next: 31%
MP:   10/10         EV: 17    Int: 12    God:    Gozag
Gold: 1000          SH:  0    Dex: 13    Spells: 9/9 levels left

rFire   . .          .
                       - Unarmed
rCold   . . .        (shield currently unavailable)
rNeg    . . .        (helmet restricted)
rPois   +            (no amulet)
rElec   .            s - ring of poison resistance
rCorr   .            (no ring)
SInv    .            (no ring)
Will    .....        (no ring) Stlth
                     (no ring)
HPRegen 0.36/turn    (no ring)
MPRegen 0.12/turn    (no ring)
                     (no ring)

%: no passive effects
@: berserking, flux-form, glowing, heavily drained, very quick
A: glow, contaminating, almost no armour, amphibious, 8 rings, camouflage 1,
gelatinous body 1, (nimble swimmer 1), tentacles
a: Begin Untransformation, Renounce Religion, Potion Petition, Call Merchant,
Bribe Branch


You were on level 8 of the Dungeon.
You worshipped Gozag.
Gozag was most pleased with you.
You were something dangerously unstable.
You visited 2 branches of the dungeon, and saw 9 of its levels.
You also visited: Sewer and Bailey.

You collected 1173 gold pieces.
You paid 173 gold pieces to Gozag.

Inventory:

Hand Weapons
 b - a +1 sling
   (You found it on level 1 of the Dungeon)
 D - a +3 arbalest of electrocution
   (You took it off a kobold in a bailey)
Missiles
 e - 61 stones
 f - 27 poisoned darts
 n - 5 curare-tipped darts {!f}
 y - 23 boomerangs
Jewellery
 o - an amulet of faith {!P}
   (You found it on level 2 of the Dungeon)
 r - a ring of fire
   (You found it on level 3 of the Dungeon)
 s - a ring of poison resistance (left tentacle)
   (You found it on level 5 of the Dungeon)
Talismans
 c - a flux talisman (active)
 g - a beast talisman
 G - a dragon-blood talisman
   (You found it on level 8 of the Dungeon)
Wands
 u - a wand of paralysis (6)
   (You found it on level 6 of the Dungeon)
 F - a wand of mindburst (20)
   (You took it off Maurice on level 8 of the Dungeon)
Scrolls
 h - 2 scrolls of enchant weapon
 m - 3 scrolls of butterflies
 p - 2 scrolls of enchant armour
 q - 5 scrolls of teleportation {@r4}
 t - a scroll of vulnerability {!r}
 E - a scroll of poison {unknown}
Potions
 a - a potion of lignification {!q}
 d - 4 potions of curing {@q1}
 i - 2 potions of invisibility
 j - a potion of cancellation
 l - a potion of might
 v - a potion of magic {unknown}
 w - 2 potions of haste {@q3}
 x - a potion of resistance
 z - 4 potions of enlightenment
 A - a potion of degeneration {unknown}
 B - 2 potions of ambrosia {unknown}
Miscellaneous
 C - a lightning rod (4/4) {!a}
   (You found it in a bailey)


   Skills:
 - Level 9.0 Fighting
 - Level 2.0 Dodging
 - Level 9.0 Unarmed Combat
 + Level 8.1 Shapeshifting


You had 9 spell levels left.
You didn't know any spells.
Your spell library contained the following spells:

 Spells                   Type           Power      Damage    Failure   Level
 Cigotuvi's Dreadful Rot  Necr/Pois/Air  0%         N/A       45%         2
 Poisonous Vapours        Pois/Air       0%         N/A       45%         2
 Ignite Poison            Fire/Tmut/Pois 0%         N/A       69%         3
 Mephitic Cloud           Conj/Pois/Air  0%         N/A       69%         3
 Brom's Barrelling Bould  Conj/Erth      0%         2d3       97%         4
 Summon Ice Beast         Ice/Summ       0%         N/A       97%         4
 Vhi's Electric Charge    Tloc/Air       0%         N/A       97%         4
 Arcjolt                  Conj/Air       0%         1d10      100%        5
 Fireball                 Conj/Fire      0%         3d3       100%        5
 Freezing Cloud           Conj/Ice/Air   0%         6-21      100%        5
 Iskenderun's Battlesphe  Conj           0%         2d6       100%        5
 Summon Mana Viper        Hex/Summ       0%         N/A       100%        5
 Conjure Ball Lightning   Conj/Air       0%         3x3d6     100%        6
 Plasma Beam              Fire/Air       0%         2x1d10    100%        6
 Monstrous Menagerie      Summ           0%         N/A       100%        7
 Orb of Destruction       Conj           0%         9d5       100%        7


Dungeon Overview and Level Annotations

Branches:
Dungeon (8/15)             Temple (1/1) D:7           Sewer (visited)
 Bailey (visited)
   Lair: D:8-11

Altars:
Ashenzari
Cheibriados
Dithmenos
Elyvilon
Fedhas
Gozag
Hepliaklqana
Kikubaaqudgha
Makhleb
Okawaru
Qazlal
Ru
Sif Muna
Uskayaw
Vehumet
Wu Jian
Yredelemnul
Zin
The Shining One

Annotations:
D:3 1 exclusion
D:5 3 runed translucent doors, tish's ghost, novice OpCj
D:8 Erica; Jeremiah


Innate Abilities, Weirdness & Mutations

You are something dangerously unstable.
You glow with magical radiation, making you easy to see and hit.
Foes you strike become dangerously contaminated with magical radiation.
You are incapable of wielding weapons or throwing items.
You cannot wear most types of armour.
You are amphibious.
You can wear up to eight rings at the same time.
Your skin changes colour to match your surroundings (Stealth+).
Your rubbery body absorbs attacks. (AC +1, EV +1)
((You are camouflaged when in or above water. (Stealth+)))
You have tentacles for arms and can constrict up to eight enemies at once.


Message History

Something smites you!
Jeremiah hits you from afar with a +4 trident of draining!
You feel drained.
* * * LOW HITPOINT WARNING * * *
You tentacle-slap the butterfly.
You kill the butterfly!
The butterfly disappears in a burst of colours!
Jeremiah barely misses you.
Jeremiah hops!
You tentacle-slap the butterfly but do no damage.
The butterfly begins to glow.
Your grab misses the butterfly.
Found a cloak.
Jeremiah hits you from afar with a +4 trident of draining!
* * * LOW HITPOINT WARNING * * *
You feel drained.
* * * LOW HITPOINT WARNING * * *
The butterfly disappears in a burst of colours!
Jeremiah misses you.
The butterfly disappears in a burst of colours!
Jeremiah hits you from afar with a +4 trident of draining!
* * * LOW HITPOINT WARNING * * *
You feel drained.
* * * LOW HITPOINT WARNING * * *
Okay, then.
Unknown command.
Okay, then.
Okay, then.
Unknown command.
Okay, then.
Unknown command.
Unknown command.
Okay, then.
Unknown command.
Unknown command.
Okay, then.
Unknown command.
You feel better.
Jeremiah hits you from afar with a +4 trident of draining.
* * * LOW HITPOINT WARNING * * *
You feel drained.
* * * LOW HITPOINT WARNING * * *
Unknown command.
A red film seems to cover your vision as you go berserk!
You feel yourself moving faster!
You feel mighty!
The butterfly disappears in a burst of colours!
Jeremiah says, "Time for a nap after this, I think."
Jeremiah hits you from afar with a +4 trident of draining!
You die...
Jeremiah wails, "I didn't mean to kill anyone!
I'm not a murderer!"
Your body crumbles into a pile of gold.

####...........##.#
....
##........b.......#
.................##
......b......##....
###.........>......
###....b...b.......
.......b..b.......#
......bbb.b.b.....
.......pbF........
....bb..b........
........:.b.....
......b......b#. ..
#..............##.#
...##............[..
#.
....................#
.....................
#...............


You could see Jeremiah.

Vanquished Creatures
  Maurice (D:8)
  Grinder (D:5)
  A hornet (D:8)
  6 water moccasins
  2 sky beasts
  4 orc warriors
  3 ogres
  A black bear (D:5)
  A centaur (D:7)
  A phantom (D:6)
  A brain worm (Sewer)
  5 kobold brigands (Sewer)
  A bullfrog (D:6)
  5 scorpions
  3 wights (D:8)
  2 howler monkeys (D:8)
  3 hounds
  3 jellies
  5 orc priests
  Jessica (D:2)
  3 iguanas
  4 orc wizards
  Robin (D:2)
  11 adders
  A shadow imp (D:5)
  2 white imps (D:5)
  2 ufetubi (D:6)
  8 worms
  2 dart slugs (D:1)
  36 orcs
  9 ball pythons
  6 bats
  8 endoplasms
  5 giant cockroaches
  17 goblins
  14 hobgoblins
  9 jackals
  3 quokkas
  7 frilled lizards
  24 kobolds
  9 rats
231 creatures vanquished.

Notes
Turn   | Place    | Note
-------+----------+-------------------------------------------
     0 | D:1      | James the Octopode Shapeshifter began the quest for the
                  | Orb.
     0 | D:1      | Reached XP level 1. HP: 13/13 MP: 1/1
    91 | D:1      | Reached XP level 2. HP: 18/18 MP: 2/2
   476 | D:1      | Reached XP level 3. HP: 23/23 MP: 3/3
   801 | D:2      | Found a faded altar of an unknown god.
  1203 | D:2      | Noticed Jessica
  1207 | D:2      | Killed Jessica
  1208 | D:2      | Reached skill level 5 in Unarmed Combat
  1208 | D:2      | Reached XP level 4. HP: 28/28 MP: 4/4
  1295 | D:2      | Noticed Robin
  1555 | D:2      | Killed Robin
  1556 | D:2      | Reached XP level 5. HP: 29/33 MP: 5/5
  2439 | D:3      | You fall into a shaft and drop 2 floors!
  2439 | D:5      | Entered Level 5 of the Dungeon
  2454 | D:5      | Found a hide-covered altar of Uskayaw.
  2461 | D:5      | Found a white marble altar of Elyvilon.
  2466 | D:5      | Found an iron altar of Okawaru.
  2522 | D:5      | Found a glowing drain.
  2532 | Sewer    | Entered a sewer
  2575 | Sewer    | Noticed a kobold brigand
  2587 | Sewer    | Killed a kobold brigand
  2588 | Sewer    | Reached XP level 6. HP: 29/39 MP: 6/6
  2830 | Sewer    | Reached skill level 5 in Shapeshifting
  2830 | Sewer    | Reached XP level 7. HP: 39/45 MP: 7/7
  3483 | D:5      | Found a runed translucent gate.
  3483 | D:5      | Found a runed translucent gate.
  3484 | D:5      | Found a runed translucent gate.
  3487 | D:5      | Noticed tish's ghost (novice OpCj)
  3708 | D:5      | Reached XP level 8. HP: 31/50 MP: 8/8
  4624 | D:5      | Noticed Grinder
  4743 | D:5      | Paralysed by Grinder for 2 turns
  4749 | D:5      | Killed Grinder
  4875 | D:5      | Found a sacrificial altar of Ru.
  4882 | D:5      | Found a shimmering blue altar of Sif Muna.
  4888 | D:5      | Found a stormy altar of Qazlal.
  4896 | D:5      | Found a glowing silver altar of Zin.
  5342 | D:6      | Reached XP level 9. HP: 56/56 MP: 9/9
  5659 | D:6      | Reached skill level 5 in Fighting
  5683 | D:6      | Found a shadowy altar of Dithmenos.
  5683 | D:6      | Found a basalt altar of Yredelemnul.
  5683 | D:6      | Found an ornate altar of the Wu Jian Council.
  5959 | D:7      | Found a staircase to the Ecumenical Temple.
  5969 | Temple   | Entered the Ecumenical Temple
  5989 | Temple   | Became a worshipper of Gozag Ym Sagoz the Greedy
  6042 | D:7      | Found a flagged portal.
  6082 | Bailey   | Entered a bailey
  6855 | D:7      | Reached XP level 10. HP: 53/73 MP: 10/10
  7199 | D:8      | Noticed Erica
  7313 | D:8      | Noticed Jeremiah
  7570 | D:8      | Noticed Maurice
  7578 | D:8      | Maurice stole a dragon-blood talisman
  7582 | D:8      | Killed Maurice
  7681 | D:8      | HP: 2/65 [Jeremiah/+4 trident of draining (2)]
  7682 | D:8      | Slain by Jeremiah

Illustrated notes

Levels and vault maps discovered:
D:1:      minmay_arrival_up_and_down, layout_loops_ring, minmay_tiny_reverse_x
D:2:      layout_basic, hellmonk_ecumenical_altar_run_dry, hangedman_decor_push,
          uniq_robin, uniq_jessica
D:3:      layout_loops_cross, lemuel_flame_loot_1
D:4:      layout_rooms
D:5:      layout_loops_cross, grunt_temple_overflow_octagram,
          gammafunk_ghost_split, portal_sewer_entry_d, nrook_uturn, uniq_grinder
D:6:      layout_basic, gammafunk_temple_overflow_claw, dk_noncrumbling_4,
          grunt_ministairs_12, minmay_crystal_room
D:7:      layout_cave_pools, minmay_temple_entry_mini_moons, enter_bailey_3,
          st_stairs_4
D:8:      layout_cave_pools, lair_entry_dummy, uniq_erica, uniq_maurice,
          uniq_jeremiah
Temple:   hellmonk_temple_forest_ring

Skill      XL: |  1  2  3  4  5  6  7  8  9 10 |
---------------+-------------------------------+-----
Unarmed Combat | 4 5 6 7 9 |  9.0
Fighting       | 2 3 8 9 |  9.0
Shapeshifting  | 5 6 7 8 |  8.1
Dodging        | |  2.0

Action                     |  1- 3 |  4- 6 |  7- 9 | 10-12 || total
---------------------------+-------+-------+-------+-------++-------
  Melee: Unarmed           |    39 |    35 |   214 |    63 ||   351
         Constrict         |    13 |     8 |    47 |    18 ||    86
         Tentacles         |     6 |     9 |    41 |    22 ||    78
         Punch             |     2 |     1 |     8 |       ||    11
   Fire: Sling             |    36 |   114 |   162 |       ||   312
    Use: Scroll            |       |     8 |     8 |       ||    16
         Potion            |       |       |       |     2 ||     2
   Stab: Sleeping          |     1 |       |       |       ||     1
 Armour: Skin              |    17 |    21 |    91 |    21 ||   150
  Dodge: Dodged            |    26 |    31 |   163 |    35 ||   255
   Form: Flux              |       |       |     1 |       ||     1

Table legend: (Time is in decaauts)
 A = Elapsed time spent in this place.
 B = Non-inter-level travel time spent in this place.
 C = Inter-level travel time spent in this place.
 D = Time resting spent in this place.
 E = Time spent auto-exploring this place.
 F = Levels seen in this place.
 G = Mean time per level.
                   A        B        C        D        E       F      G
               +--------+--------+--------+--------+--------+-----+--------+
         Total |   7705 |   7438 |    267 |    807 |   4668 |  11 |  700.5 |
       Dungeon |   6347 |   6117 |    230 |    669 |   3958 |   8 |  793.4 |
        Temple |     39 |      2 |     37 |      0 |      0 |   1 |   39.0 |
         Sewer |    905 |    905 |      0 |     35 |    646 |   1 |  905.0 |
        Bailey |    412 |    412 |      0 |    103 |     64 |   1 |  412.0 |
               +--------+--------+--------+--------+--------+-----+--------+

Top non-repeatable levels by time:
     D:5: 1260 daAuts
     D:2: 1174 daAuts
     D:7: 992 daAuts
   Sewer: 905 daAuts
     D:6: 797 daAuts
     D:1: 710 daAuts
     D:3: 650 daAuts
     D:4: 500 daAuts
  Bailey: 412 daAuts
     D:8: 262 daAuts
  Temple: 39 daAuts
